| TOP OF THE 1ST |
|
Baltimore Orioles batting - Pitching for Kansas City Royals : RHP Elijah Lewis
|
|
Pitching: RHP Elijah Lewis
|
|
|
Batting: RHB Saimei Kudo
|
0-0: Ball 1-0: Foul Ball, location: 2F 1-1: Swinging Strike 1-2: Strikes out looking
|
|
Batting: RHB Nick Rigden
|
0-0: Called Strike 0-1: Ball 1-1: Ball 2-1: Ball 3-1: Foul Ball, location: 2F 3-2: Base on Balls
|
|
Batting: SHB Jason Hayes
|
0-0: Ball 1-0: Ball 2-0: Ball 3-0: SINGLE (Flyball, 78S, EV 91.2 MPH) Nick Rigden to second
|
|
Batting: RHB Vince Jackson
|
0-0: Fly out, F9 (Flyball, 9, EV 89.4 MPH)
|
|
Batting: SHB Robbie Rogers
|
0-0: Ball 1-0: Ball 2-0: Swinging Strike 2-1: Called Strike 2-2: SINGLE (Groundball, 5D, EV 108.1 MPH) Nick Rigden to third Jason Hayes to second Runner from 3rd tries for Home, SAFE, throw by LF to home
|
|
Batting: RHB Raul Mendoza
|
0-0: Ball 1-0: Ball 2-0: Ball 3-0: Called Strike 3-1: Swinging Strike 3-2: Strikes out swinging
|
| Top of the 1st over - 1 run, 2 hits, 0 errors, 2 left on base; Baltimore 1 - Kansas City 0 |
| BOTTOM OF THE 1ST |
|
Kansas City Royals batting - Pitching for Baltimore Orioles : RHP Chris Anderson
|
|
Pitching: RHP Chris Anderson
|
|
|
Batting: SHB Jose Pacheco
|
0-0: Ball 1-0: Foul Ball, location: 2F 1-1: Ball 2-1: Foul Ball, location: 2F 2-2: Ball 3-2: Fly out, F8 (Flyball, 8RS, EV 91.9 MPH)
|
|
Batting: RHB Matt Belgard
|
0-0: SOLO HOME RUN (Flyball, 7D, EV 106.2 MPH), Distance : 402 ft
|
|
Batting: LHB Mike Meyerhoff
|
0-0: SINGLE (Groundball, 34D, EV 100.6 MPH)
|
|
Batting: RHB Mike Jaquez
|
0-0: Called Strike 0-1: Fly out, F9 (Flyball, 89M, EV 90.0 MPH)
|
|
Batting: LHB Roman Downey
|
0-0: Ball 1-0: Called Strike 1-1: Foul Ball, location: 2F 1-2: Strikes out swinging
|
| Bottom of the 1st over - 1 run, 2 hits, 0 errors, 1 left on base; Baltimore 1 - Kansas City 1 |
| TOP OF THE 2ND |
|
Baltimore Orioles batting - Pitching for Kansas City Royals : RHP Elijah Lewis
|
|
Batting: RHB Adrian Novakovic
|
0-0: Ball 1-0: Foul Ball, location: 2F 1-1: Fly out, F8 (Flyball, 78M, EV 87.5 MPH)
|
|
Batting: RHB Steve Jones
|
0-0: Ball 1-0: Foul Ball, location: 2F 1-1: Ball 2-1: Swinging Strike 2-2: Foul Ball, location: 2F 2-2: Foul Ball, location: 2F 2-2: Ball 3-2: Foul Ball, location: 2F 3-2: Fly out, F9 (Flyball, 9, EV 84.4 MPH)
|
|
Batting: RHB Luis Ramos
|
0-0: Ball 1-0: Foul Ball, location: 2F 1-1: Swinging Strike 1-2: Ground out 6-3 (Groundball, 6M, EV 91.9 MPH)
|
| Top of the 2nd over - 0 runs, 0 hits, 0 errors, 0 left on base; Baltimore 1 - Kansas City 1 |
| BOTTOM OF THE 2ND |
|
Kansas City Royals batting - Pitching for Baltimore Orioles : RHP Chris Anderson
|
|
Batting: SHB Gil Switzer
|
0-0: Foul Ball, location: 2F 0-1: Called Strike 0-2: Ball 1-2: Foul Ball, location: 2F 1-2: Fly out, F8 (Line Drive, 89M, EV 93.1 MPH)
|
|
Batting: RHB Adam Martin
|
0-0: Ground out 5-3 (Groundball, 56S, EV 76.9 MPH)
|
|
Batting: RHB Walt Cogswell
|
0-0: Ground out 4-3 (Groundball, 4, EV 93.8 MPH)
|
| Bottom of the 2nd over - 0 runs, 0 hits, 0 errors, 0 left on base; Baltimore 1 - Kansas City 1 |
| TOP OF THE 3RD |
|
Baltimore Orioles batting - Pitching for Kansas City Royals : RHP Elijah Lewis
|
|
Batting: RHB Saimei Kudo
|
0-0: Ball 1-0: Foul Ball, location: 2F 1-1: Swinging Strike 1-2: Ball 2-2: Strikes out swinging
|
|
Batting: RHB Nick Rigden
|
0-0: Called Strike 0-1: Swinging Strike 0-2: Ball 1-2: Strikes out looking
|
|
Batting: SHB Jason Hayes
|
0-0: Foul Ball, location: 2F 0-1: Reached on error, E1 (Groundball, 34S, EV 71.2 MPH)
|
|
Batting: RHB Vince Jackson
|
0-0: Called Strike 0-1: Foul Ball, location: 2F 0-2: Foul Ball, location: 2F 0-2: Ball 1-2: Foul Ball, location: 2F 1-2: Ball 2-2: SINGLE (Line Drive, 4MD, EV 93.8 MPH) Jason Hayes to third
|
|
Batting: SHB Robbie Rogers
|
0-0: Called Strike 0-1: Ball 1-1: Ball 2-1: SINGLE (Line Drive, 3D, EV 102.5 MPH) Jason Hayes scores Vince Jackson to second
|
|
Batting: RHB Raul Mendoza
|
0-0: Ball 1-0: Ball 2-0: Called Strike 2-1: SINGLE (Groundball, 4M, EV 105.0 MPH) (infield hit) Vince Jackson to third Robbie Rogers to second
|
|
Batting: RHB Adrian Novakovic
|
0-0: Called Strike 0-1: Ball 1-1: Called Strike 1-2: Foul Ball, location: 2F 1-2: Ball 2-2: Fly out, F6 (Line Drive, 6, EV 66.9 MPH)
|
| Top of the 3rd over - 1 run, 3 hits, 1 error, 3 left on base; Baltimore 2 - Kansas City 1 |
| BOTTOM OF THE 3RD |
|
Kansas City Royals batting - Pitching for Baltimore Orioles : RHP Chris Anderson
|
|
Batting: LHB Manny Estrada
|
0-0: Ball 1-0: Reached on error, E3 (Groundball, 3, EV 86.2 MPH)
|
|
Batting: SHB Jose Pacheco
|
0-0: Ball 1-0: Ball 2-0: Ball 3-0: Called Strike 3-1: Base on Balls Manny Estrada to second
|
|
Batting: RHB Matt Belgard
|
0-0: SINGLE (Groundball, P, EV 83.1 MPH) (infield hit) Manny Estrada to third Jose Pacheco to second
|
|
Batting: LHB Mike Meyerhoff
|
0-0: Called Strike 0-1: Ball 1-1: Called Strike 1-2: Ball 2-2: Ball 3-2: Reached on error, E4 (Groundball, 4, EV 86.2 MPH) Manny Estrada scores Jose Pacheco to third Matt Belgard to second
|
|
Batting: RHB Mike Jaquez
|
0-0: Ball 1-0: Ball 2-0: Grounds into double play, 5-4-3 (Groundball, 56S, EV 84.4 MPH) Jose Pacheco scores Matt Belgard to third
|
|
Batting: LHB Roman Downey
|
0-0: Called Strike 0-1: Ball 1-1: Ball 2-1: Ground out 6-3 (Groundball, 6, EV 87.5 MPH)
|
| Bottom of the 3rd over - 2 runs, 1 hit, 2 errors, 1 left on base; Baltimore 2 - Kansas City 3 |
| TOP OF THE 4TH |
|
Baltimore Orioles batting - Pitching for Kansas City Royals : RHP Elijah Lewis
|
|
Batting: RHB Steve Jones
|
0-0: Ball 1-0: SINGLE (Groundball, 34D, EV 100.0 MPH)
|
|
Batting: RHB Luis Ramos
|
0-0: Reached on error, E3 (Groundball, 3L, EV 76.9 MPH) Steve Jones to second
|
|
Batting: RHB Saimei Kudo
|
0-0: Foul Ball, location: 2F 0-1: DOUBLE (Line Drive, 78XD, EV 105.0 MPH) Steve Jones scores Luis Ramos to third
|
|
Batting: RHB Nick Rigden
|
0-0: Foul Ball, location: 2F 0-1: Foul Ball, location: 2F 0-2: Foul Ball, location: 2F 0-2: Ball 1-2: Strikes out swinging
|
|
Batting: SHB Jason Hayes
|
0-0: Ball 1-0: Ball 2-0: Ball 3-0: Called Strike 3-1: Foul Ball, location: 2F 3-2: Base on Balls
|
|
Batting: RHB Vince Jackson
|
0-0: Foul Ball, location: 2F 0-1: Ball 1-1: Ball 2-1: SINGLE (Line Drive, 8RS, EV 103.8 MPH) Luis Ramos scores Saimei Kudo to third Jason Hayes to second Runner from 3rd tries for Home, SAFE, throw by CF to home
|
|
Pitching: RHP Asa Hahn
|
|
|
Batting: SHB Robbie Rogers
|
0-0: Called Strike 0-1: Called Strike 0-2: Foul Ball, location: 2F 0-2: Ball 1-2: Ball 2-2: Fly out, F8 (Flyball, 8LD, EV 85.6 MPH)
|
|
Batting: RHB Raul Mendoza
|
0-0: Ball Wild Pitch! Jason Hayes to third Vince Jackson to second 1-0: Called Strike 1-1: Ball 2-1: Foul Ball, location: 2F 2-2: SINGLE (Groundball, 56S, EV 97.5 MPH) Jason Hayes scores Vince Jackson to third Runner from 3rd tries for Home, throw by LF and OUT! 7-2
|
| Top of the 4th over - 4 runs, 4 hits, 1 error, 1 left on base; Baltimore 6 - Kansas City 3 |
| BOTTOM OF THE 4TH |
|
Kansas City Royals batting - Pitching for Baltimore Orioles : RHP Chris Anderson
|
|
Batting: SHB Gil Switzer
|
0-0: Called Strike 0-1: Called Strike 0-2: Ball 1-2: Foul Ball, location: 2F 1-2: Ball 2-2: Foul Ball, location: 2F 2-2: Foul Ball, location: 2F 2-2: Fly out, F9 (Flyball, 9S, EV 94.4 MPH)
|
|
Batting: RHB Adam Martin
|
0-0: Called Strike 0-1: Ground out 6-3 (Groundball, 56, EV 101.9 MPH)
|
|
Batting: RHB Walt Cogswell
|
0-0: Ball 1-0: Ball 2-0: Called Strike 2-1: Foul Ball, location: 2F 2-2: Ball 3-2: SINGLE (Groundball, 34D, EV 100.0 MPH)
|
|
Batting: LHB Manny Estrada
|
0-0: Called Strike 0-1: Ball 1-1: Ball 2-1: Ball 3-1: Swinging Strike 3-2: Foul Ball, location: 2F 3-2: Base on Balls Walt Cogswell to second
|
|
Batting: SHB Jose Pacheco
|
0-0: Called Strike 0-1: Ball 1-1: Ball 2-1: Ball 3-1: Ground out U3 (Groundball, 34S, EV 84.4 MPH)
|
| Bottom of the 4th over - 0 runs, 1 hit, 0 errors, 2 left on base; Baltimore 6 - Kansas City 3 |
| TOP OF THE 5TH |
|
Baltimore Orioles batting - Pitching for Kansas City Royals : RHP Asa Hahn
|
|
Batting: RHB Adrian Novakovic
|
0-0: Called Strike 0-1: Swinging Strike 0-2: Ball 1-2: Foul Ball, location: 2F 1-2: Strikes out looking
|
|
Batting: RHB Steve Jones
|
0-0: Called Strike 0-1: Foul Ball, location: 2F 0-2: Foul Ball, location: 2F 0-2: Strikes out looking
|
|
Batting: RHB Luis Ramos
|
0-0: Foul Ball, location: 2F 0-1: Foul Ball, location: 2F 0-2: Ball 1-2: Ground out 4-3 (Groundball, 4, EV 87.5 MPH)
|
| Top of the 5th over - 0 runs, 0 hits, 0 errors, 0 left on base; Baltimore 6 - Kansas City 3 |
| BOTTOM OF THE 5TH |
|
Kansas City Royals batting - Pitching for Baltimore Orioles : RHP Chris Anderson
|
|
Batting: RHB Matt Belgard
|
0-0: SINGLE (Groundball, 56D, EV 95.0 MPH)
|
|
Batting: LHB Mike Meyerhoff
|
0-0: Ball 1-0: Called Strike 1-1: Called Strike 1-2: Ball 2-2: Foul Ball, location: 2F 2-2: Foul Ball, location: 2F 2-2: Ball 3-2: Strikes out swinging
|
|
Batting: RHB Mike Jaquez
|
0-0: Ball Matt Belgard steals 2nd base 1-0: Swinging Strike 1-1: Foul Ball, location: 2F 1-2: Strikes out swinging
|
|
Batting: LHB Roman Downey
|
0-0: Called Strike 0-1: Foul Ball, location: 2F 0-2: Ball 1-2: Foul Ball, location: 2F 1-2: Ball 2-2: Ball 3-2: Foul Ball, location: 2F 3-2: SINGLE (Groundball, 4MD, EV 100.6 MPH) Matt Belgard to third Runner from 3rd tries for Home, SAFE, throw by CF to home
|
|
Batting: SHB Gil Switzer
|
0-0: Swinging Strike 0-1: Ground out 4-3 (Groundball, 4, EV 90.0 MPH)
|
| Bottom of the 5th over - 1 run, 2 hits, 0 errors, 1 left on base; Baltimore 6 - Kansas City 4 |
| TOP OF THE 6TH |
|
Baltimore Orioles batting - Pitching for Kansas City Royals : RHP Asa Hahn
|
|
Batting: RHB Saimei Kudo
|
0-0: Ball 1-0: Ball 2-0: Ball 3-0: Base on Balls
|
|
Batting: RHB Nick Rigden
|
0-0: Foul Ball, location: 2F 0-1: Called Strike 0-2: Ball 1-2: Foul Ball, location: 2F 1-2: DOUBLE (Flyball, 78D, EV 95.6 MPH) Saimei Kudo to third
|
|
Batting: SHB Jason Hayes
|
0-0: Ball 1-0: DOUBLE (Line Drive, 7LM, EV 105.6 MPH) Saimei Kudo scores Nick Rigden scores
|
|
Batting: RHB Vince Jackson
|
0-0: Called Strike 0-1: Called Strike 0-2: Foul Ball, location: 2F 0-2: Foul Ball, location: 2F 0-2: Ball 1-2: Ball 2-2: Fly out, F7 (Line Drive, 7S, EV 103.1 MPH)
|
|
Batting: SHB Robbie Rogers
|
0-0: Called Strike 0-1: Foul Ball, location: 2F 0-2: Fly out, F8 (Flyball, 8LM, EV 90.0 MPH)
|
|
Batting: RHB Raul Mendoza
|
0-0: Ball 1-0: Called Strike 1-1: Swinging Strike 1-2: Strikes out swinging
|
| Top of the 6th over - 2 runs, 2 hits, 0 errors, 1 left on base; Baltimore 8 - Kansas City 4 |
| BOTTOM OF THE 6TH |
|
Kansas City Royals batting - Pitching for Baltimore Orioles : RHP Chris Anderson
|
|
Batting: RHB Adam Martin
|
0-0: Ball 1-0: Ground out 5-3 (Groundball, 56, EV 98.1 MPH)
|
|
Pitching: RHP Craig Potter
|
|
|
Batting: RHB Walt Cogswell
|
0-0: Ball 1-0: Called Strike 1-1: Ball 2-1: Ball 3-1: Foul Ball, location: 2F 3-2: Foul Ball, location: 2F 3-2: Foul Ball, location: 2F 3-2: Foul Ball, location: 2F 3-2: Base on Balls
|
|
Batting: LHB Manny Estrada
|
0-0: Ball 1-0: Foul Ball, location: 2F 1-1: Grounds into double play, 4-6-3 (Groundball, 4, EV 81.9 MPH)
|
| Bottom of the 6th over - 0 runs, 0 hits, 0 errors, 0 left on base; Baltimore 8 - Kansas City 4 |
| TOP OF THE 7TH |
|
Baltimore Orioles batting - Pitching for Kansas City Royals : RHP Asa Hahn
|
|
Pitching: RHP Brandon Ferrari
|
|
|
Batting: RHB Adrian Novakovic
|
0-0: Ball 1-0: SINGLE (Groundball, 5D, EV 97.5 MPH)
|
|
Batting: RHB Steve Jones
|
0-0: Ball 1-0: Ball 2-0: Foul Ball, location: 2F 2-1: Foul Ball, location: 2F 2-2: Strikes out swinging
|
|
Batting: RHB Luis Ramos
|
0-0: Called Strike 0-1: Called Strike 0-2: Ball 1-2: Strikes out swinging
|
|
Batting: RHB Saimei Kudo
|
0-0: Ball 1-0: Ball 2-0: SINGLE (Flyball, 4D, EV 91.9 MPH) Adrian Novakovic to second Runner from 2nd tries for 3rd, OUT! 8-5
|
| Top of the 7th over - 0 runs, 2 hits, 0 errors, 1 left on base; Baltimore 8 - Kansas City 4 |
| BOTTOM OF THE 7TH |
|
Kansas City Royals batting - Pitching for Baltimore Orioles : RHP Craig Potter
|
|
Batting: SHB Jose Pacheco
|
0-0: Called Strike 0-1: Foul Ball, location: 2F 0-2: Foul Ball, location: 2F 0-2: Strikes out swinging
|
|
Batting: RHB Matt Belgard
|
0-0: Called Strike 0-1: Called Strike 0-2: Ball 1-2: Ball 2-2: Fly out, F8 (Flyball, 8LM, EV 89.4 MPH)
|
|
Batting: LHB Mike Meyerhoff
|
0-0: Ball 1-0: Swinging Strike 1-1: Fly out, F6 (Popup, 6S, EV 80.0 MPH)
|
| Bottom of the 7th over - 0 runs, 0 hits, 0 errors, 0 left on base; Baltimore 8 - Kansas City 4 |
| TOP OF THE 8TH |
|
Baltimore Orioles batting - Pitching for Kansas City Royals : RHP Brandon Ferrari
|
|
Pitching: RHP Skyler Webster
|
|
|
Batting: RHB Nick Rigden
|
0-0: Ball 1-0: Ground out 5-3 (Groundball, 56, EV 82.5 MPH)
|
|
Batting: SHB Jason Hayes
|
0-0: Ball 1-0: Foul Ball, location: 2F 1-1: DOUBLE (Flyball, 89XD, EV 110.6 MPH)
|
|
Batting: RHB Vince Jackson
|
0-0: DOUBLE (Flyball, 89D, EV 91.9 MPH) Jason Hayes scores
|
|
Batting: SHB Robbie Rogers
|
0-0: Foul Ball, location: 2F 0-1: Fly out, F7 (Flyball, 78M, EV 83.8 MPH)
|
|
Batting: RHB Raul Mendoza
|
0-0: Ball 1-0: Called Strike 1-1: Foul Ball, location: 2F 1-2: Ball 2-2: Strikes out swinging
|
| Top of the 8th over - 1 run, 2 hits, 0 errors, 1 left on base; Baltimore 9 - Kansas City 4 |
| BOTTOM OF THE 8TH |
|
Kansas City Royals batting - Pitching for Baltimore Orioles : RHP Craig Potter
|
|
Batting: RHB Mike Jaquez
|
0-0: Ball 1-0: Foul Ball, location: 2F 1-1: Foul Ball, location: 2F 1-2: Strikes out swinging
|
|
Batting: LHB Roman Downey
|
0-0: Called Strike 0-1: Ball 1-1: Ball 2-1: Ground out 6-3 (Groundball, 6M, EV 110.6 MPH)
|
|
Batting: SHB Gil Switzer
|
0-0: Called Strike 0-1: Foul Ball, location: 2F 0-2: Ball 1-2: Ball 2-2: Foul Ball, location: 2F 2-2: Strikes out looking
|
| Bottom of the 8th over - 0 runs, 0 hits, 0 errors, 0 left on base; Baltimore 9 - Kansas City 4 |
| TOP OF THE 9TH |
|
Baltimore Orioles batting - Pitching for Kansas City Royals : RHP Skyler Webster
|
|
Batting: RHB Adrian Novakovic
|
0-0: Called Strike 0-1: SINGLE (Groundball, 3D, EV 96.9 MPH)
|
|
Batting: RHB Steve Jones
|
0-0: Called Strike 0-1: Ball 1-1: Ball 2-1: Ball 3-1: Fly out, F7 (Flyball, 7D, EV 101.2 MPH) Runner from 1st tags up, SAFE at 2nd
|
|
Batting: RHB Luis Ramos
|
0-0: Called Strike 0-1: Called Strike 0-2: Foul Ball, location: 2F 0-2: Ball 1-2: Foul Ball, location: 2F 1-2: Strikes out swinging
|
|
Batting: RHB Saimei Kudo
|
0-0: Ball 1-0: Called Strike 1-1: Called Strike 1-2: Ball 2-2: Ball 3-2: Base on Balls
|
|
Pitching: RHP Ken Hall
|
|
|
Batting: RHB Nick Rigden
|
0-0: Ball 1-0: Foul Ball, location: 2F 1-1: Foul Ball, location: 2F 1-2: Ball 2-2: Foul Ball, location: 2F 2-2: Ball 3-2: Foul Ball, location: 2F 3-2: Foul Ball, location: 2F 3-2: Base on Balls Adrian Novakovic to third Saimei Kudo to second
|
|
Batting: SHB Jason Hayes
|
0-0: Called Strike 0-1: Foul Ball, location: 2F 0-2: Ball 1-2: Strikes out swinging
|
| Top of the 9th over - 0 runs, 1 hit, 0 errors, 3 left on base; Baltimore 9 - Kansas City 4 |
| BOTTOM OF THE 9TH |
|
Kansas City Royals batting - Pitching for Baltimore Orioles : RHP Craig Potter
|
|
Batting: RHB Adam Martin
|
0-0: Ball 1-0: SINGLE (Groundball, 6MD, EV 103.1 MPH) (infield hit)
|
|
Pitching: RHP Jose Lara
|
|
|
Batting: RHB Walt Cogswell
|
0-0: Called Strike 0-1: Ball 1-1: SINGLE (Flyball, 34D, EV 91.9 MPH) Adam Martin to second
|
|
Batting: LHB Manny Estrada
|
0-0: Called Strike 0-1: Foul Ball, location: 2F 0-2: Ball 1-2: Strikes out swinging
|
|
Batting: SHB Jose Pacheco
|
0-0: Ball 1-0: SINGLE (Groundball, 34D, EV 95.0 MPH) Adam Martin to third Walt Cogswell to second
|
|
Batting: RHB Matt Belgard
|
0-0: Ball 1-0: Ball 2-0: Ball 3-0: Called Strike 3-1: Base on Balls Adam Martin scores Walt Cogswell to third Jose Pacheco to second
|
|
Batting: LHB Mike Meyerhoff
|
0-0: Ball 1-0: Foul Ball, location: 2F 1-1: Ball 2-1: Foul Ball, location: 2F 2-2: Strikes out swinging
|
|
Batting: RHB Mike Jaquez
|
0-0: Called Strike 0-1: Ball 1-1: Ball 2-1: Fly out, F8 (Flyball, 8RD, EV 86.9 MPH)
|
| Bottom of the 9th over - 1 run, 3 hits, 0 errors, 3 left on base; Baltimore 9 - Kansas City 5 |
|